 Dungeon Crawl Stone Soup version 0.26-a0-259-g1effd001a9 (webtiles) character file.

Game seed: 9916923314133242907

8017 sanka the Frost Mage (level 11, -2/89 HPs)
             Began as a Barachi Ice Elementalist on July 12, 2020.
             Was a Priest of Vehumet.
             Slain by a manticore (20 damage)
             ... on level 13 of the Dungeon.
             The game lasted 00:22:27 (12067 turns).

sanka the Frost Mage (Barachi Ice Elementalist)    Turns: 12067, Time: 00:22:27

Health: -2/89      AC:  7    Str: 10    XL:     11   Next: 24%
Magic:  9/20       EV: 17    Int: 19    God:    Vehumet [***...]
Gold:   542        SH:  0    Dex: 12    Spells: 7/22 levels left

rFire    + . .     SeeInvis .   b - +2 falchion (holy)
rCold    + . .     Faith    .   (no shield)
rNeg     . . .     Spirit   .   C - +2 robe of Hepliaklqana's Esteem {rF+ rC+}
rPois    +         Reflect  .   x - +0 helmet
rElec    .         Harm     .   (no cloak)
rCorr    .                      K - +0 pair of gloves
MR       .....                  N - +0 pair of boots
Stlth    +++.......             (no amulet)
HPRegen  0.24/turn              e - ring of stealth
MPRegen  0.17/turn              D - ring of poison resistance

@: frozen ramparts, slow
A: +LOS, swims, slowness 1, strong legs 1
a: Hop, Renounce Religion


You were on level 13 of the Dungeon.
You worshipped Vehumet.
Vehumet was most pleased with you.
You were not hungry.

You visited 2 branches of the dungeon, and saw 13 of its levels.

You collected 542 gold pieces.


Innate Abilities, Weirdness & Mutations

You can be seen from farther away. (+LOS)
You can swim through water.
You cover ground slowly.
You can hop short distances.


   Skills:
 + Level 9.6 Fighting
 + Level 9.2 Dodging
 - Level 1.7 Stealth
 - Level 6.0 Spellcasting
 - Level 4.0 Conjurations
 - Level 4.0 Summonings
 - Level 12.0 Ice Magic
 - Level 4.0 Evocations


You had 7 spell levels left.
You knew the following spells:

 Your Spells              Type           Power        Failure   Level
a - Ozocubu's Armour      Chrm/Ice       ####....     2%          3
u - Hailstorm             Conj/Ice       #####...     1%          4
x - Summon Ice Beast      Ice/Summ       #####...     4%          4
y - Frozen Ramparts       Ice            ######       1%          3
z - Freeze                Ice            ####         1%          1

Your spell library contained the following spells:

 Spells                   Type           Power        Failure   Level
 Mephitic Cloud           Conj/Pois/Air  ##......     5%          3
 Ice Form                 Ice/Tmut       ####....     10%         4
 Beastly Appendage        Tmut           #.....       11%         1
 Sticks to Snakes         Tmut           #.......     17%         2
 Spider Form              Tmut/Pois      #.........   32%         3
 Blade Hands              Tmut           #.........   97%         5

Inventory:

Hand Weapons
 a - the +5 hunting sling of Aneevvue {speed, *Slow rElec rC+ rN+} Attacks with this weapon are significantly faster. It protects you from cold. It insulates you from electricity. It protects you from negative energy. It may slow you when you take damage.
 b - a +2 falchion of holy wrath (weapon)
 h - a +0 hand axe of electrocution
 k - a +0 short sword
 w - a +1 spear of venom
 U - a +4 morningstar
Missiles
 s - 253 stones (quivered)
 z - 42 sling bullets
Armour
 x - a +0 helmet (worn)
 C - the +2 robe of Hepliaklqana's Esteem (worn) {rF+ rC+}

   It protects you from fire.
   It protects you from cold.
 K - a +0 pair of gloves (worn)
 N - a +0 pair of boots (worn)
Jewellery
 e - a ring of stealth (left hand)
 D - a ring of poison resistance (right hand)
 L - an uncursed ring of stealth
 M - an uncursed ring of protection from fire {unknown}
Wands
 y - a wand of enslavement (6)
 F - a wand of polymorph (21)
 O - a wand of clouds (3)
 P - a wand of acid (6)
 Q - a wand of digging (3)
 T - a wand of random effects (9)
Scrolls
 f - 7 scrolls of remove curse
 i - 2 scrolls of enchant weapon {unknown}
 m - a scroll of amnesia {unknown}
 t - 3 scrolls of magic mapping
 u - 9 scrolls of teleportation {@r4}
 A - a scroll of immolation {unknown}
 B - a scroll of fog {unknown}
 H - a scroll of blinking {unknown}
 J - 4 scrolls of identify {@r1}
 R - a scroll of silence {unknown}
 S - a scroll of enchant armour {unknown}
Potions
 d - 2 potions of haste {unknown}
 g - 3 potions of flight {unknown}
 j - 2 potions of curing {@q1}
 l - a potion of invisibility {unknown}
 n - 3 potions of magic {unknown}
 o - a potion of degeneration {unknown}
 p - a potion of might {unknown}
 q - 4 potions of heal wounds {unknown}
 r - a potion of lignification {unknown}
 v - a potion of ambrosia {unknown}
 E - a potion of stabbing {unknown}
 G - a potion of cancellation {unknown}
 I - a potion of brilliance {unknown}
Comestibles
 c - 21 rations

Dungeon Overview and Level Annotations

Branches:
Dungeon (11/15)            Temple (1/1) D:4            Lair (0/6) D:9
    Orc (0/2) D:10

Altars:
Ashenzari
Cheibriados
Dithmenos
Elyvilon
Fedhas
Gozag
Hepliaklqana
Kikubaaqudgha
Makhleb
Nemelex Xobeh
Okawaru
Qazlal
Ru
Sif Muna
Trog
Uskayaw
Vehumet
Wu Jian
Xom
Yredelemnul
Zin
The Shining One

Annotations:
D:11 Josephine

. ▒. ▒. ▒.
.( ▒. .▒ ▒.
.▒ ▒.▒ .▒▒▒
▒▒▒▒▒▒..
...
.......H▒[▒
..▒▒▒▒▒.▒F▒
.......)£▒▒
▒▒▒▒.▒▒▒▒.▒
..▒ ....
...▒▒ ..▒▒
Q.. ..▒


You could see a manticore.


Message History

A scorpion comes into view.
You see here 25 gold pieces.
The scorpion misses you.
A tengu warrior comes into view. It is wielding a +0 halberd.
The manticore bites you!
* * * LOW HITPOINT WARNING * * *
The manticore closely misses you. The manticore completely misses you.
The walls around you are covered in ice.
The wall freezes the manticore!
The manticore misses you. The manticore misses you. The manticore claws you.
* * * LOW HITPOINT WARNING * * *
The wall freezes the scorpion!
The scorpion closely misses you.
You riposte.
You hit the scorpion.
The scorpion is heavily wounded.
Unknown command.
The wall freezes the manticore!
The manticore bites you but does no damage.
The manticore completely misses you. The manticore barely misses you.
The wall freezes the scorpion!
You kill the scorpion!
Vehumet accepts your kill.
The wall freezes the manticore.
The manticore bites you!!
You die...

Action                   |  1- 3 |  4- 6 |  7- 9 | 10-12 || total
-------------------------+-------+-------+-------+-------++-------
Melee: Unarmed           |    31 |       |       |       ||    31
       Short sword       |    12 |     9 |       |       ||    21
       Falchion          |       |    24 |    48 |    70 ||   142
       Hunting sling     |       |       |     1 |       ||     1
 Fire: Hunting sling     |       |    17 |   278 |   196 ||   491
 Cast: Freeze            |    46 |    41 |    25 |    24 ||   136
       Frozen Ramparts   |     1 |     6 |    28 |    17 ||    52
       Ozocubu's Armour  |       |     1 |    15 |    16 ||    32
       Summon Ice Beast  |       |       |     2 |     2 ||     4
 Abil: Hop               |       |       |     2 |       ||     2
Evoke: Wand              |       |       |     6 |       ||     6
  Use: Potion            |       |       |     2 |     3 ||     5
       Scroll            |       |       |     5 |       ||     5
 Stab: Sleeping          |     2 |     2 |       |       ||     4
       Paralysed         |       |       |    11 |       ||    11
  Eat: Ration            |     1 |     2 |     5 |     3 ||    11
Armor: Robe              |    17 |    13 |    49 |    51 ||   130
Dodge: Dodged            |    56 |    38 |   125 |   107 ||   326
       Rpst.: Falchion   |       |    11 |    12 |    16 ||    39

Levels and vault maps discovered:
D:1:      erik_arrival_orb_chamber, layout_loops_ring, minmay_cupped
D:2:      layout_basic, lemuel_doored_altar, minmay_diced_spiral
D:3:      layout_loops_corners, uniq_robin, uniq_sigmund
D:4:      layout_rooms, minmay_temple_entry_butterflies,
          nemelex_spade_bored_becter
D:5:      layout_cave_pools, first_ration, minmay_quadrilaterals
D:6:      layout_loops_ring
D:7:      layout_layer_cave, basic_altar, eino_curves_04
D:8:      layout_cave_pools
D:9:      layout_loops_ring, dpeg_oklobed_lair
D:10:     layout_layer_cave, orc_0_dummy
D:11:     layout_basic, uniq_josephine
D:13:     layout_loops_ring, uniq_maurice
Temple:   kilobyte_greek_temple

Notes
Turn   | Place    | Note
-------+----------+-------------------------------------------
     0 | D:1      | sanka the Barachi Ice Elementalist began the quest for the
                  | Orb.
     0 | D:1      | Reached XP level 1. HP: 13/13 MP: 3/3
   415 | D:1      | Reached skill level 5 in Ice Magic
   549 | D:1      | Reached XP level 2. HP: 16/19 MP: 2/5
  1125 | D:1      | Reached XP level 3. HP: 18/24 MP: 2/7
  1137 | D:1      | Reached skill level 3 in Spellcasting
  1193 | D:1      | Learned a level 3 spell: Frozen Ramparts
  1197 | D:1      | Learned a level 3 spell: Ozocubu's Armour
  1605 | D:2      | Reached skill level 6 in Ice Magic
  1610 | D:2      | Reached XP level 4. HP: 20/30 MP: 2/8
  1967 | D:2      | Found a bloodstained altar of Trog.
  2322 | D:2      | Reached skill level 7 in Ice Magic
  2322 | D:2      | Reached XP level 5. HP: 34/35 MP: 7/9
  2848 | D:3      | Noticed Sigmund
  2864 | D:3      | Killed Sigmund
  2864 | D:3      | Reached skill level 8 in Ice Magic
  2864 | D:3      | Reached XP level 6. HP: 29/41 MP: 1/10
  3449 | D:3      | Noticed Robin
  3460 | D:3      | Killed Robin
  3480 | D:3      | HP: 4/41 [hobgoblin[Robin] (4)]
  3485 | D:3      | HP: 3/41 [poisoned by Robin]
  3493 | D:3      | HP: 2/41 [poisoned by Robin]
  4001 | D:4      | Learned a level 4 spell: Summon Ice Beast
  4054 | D:4      | Got a blackened hunting sling
  4055 | D:4      | Identified the +5 hunting sling of Aneevvue {speed, *Slow
                  | rElec rC+ rN+} (You found it on level 4 of the Dungeon)
  4119 | D:4      | Reached skill level 1 in Fighting
  4119 | D:4      | Reached skill level 1 in Summonings
  4119 | D:4      | Reached XP level 7. HP: 48/48 MP: 11/11
  4177 | D:4      | Reached skill level 9 in Ice Magic
  4202 | D:4      | Found a staircase to the Ecumenical Temple.
  4210 | Temple   | Entered the Ecumenical Temple
  4375 | Temple   | Became a worshipper of Vehumet
  4540 | D:4      | Got a crude robe
  4551 | D:4      | Identified the +2 robe of Hepliaklqana's Esteem {rF+ rC+}
                  | (You found it on level 4 of the Dungeon)
  4581 | D:4      | Found a sparkling altar of Nemelex Xobeh.
  4694 | D:5      | Entered Level 5 of the Dungeon
  5014 | D:5      | Reached skill level 3 in Dodging
  5148 | D:5      | Reached skill level 2 in Fighting
  5148 | D:5      | Reached skill level 2 in Summonings
  5427 | D:5      | Reached skill level 4 in Spellcasting
  5427 | D:5      | Reached XP level 8. HP: 55/57 MP: 6/14
  5497 | D:5      | Reached skill level 3 in Fighting
  5585 | D:5      | Reached * piety under Vehumet
  5585 | D:5      | Offered knowledge of Foxfire by Vehumet.
  5585 | D:5      | Reached skill level 3 in Summonings
  5684 | D:5      | Learned a level 4 spell: Hailstorm
  6000 | D:6      | Reached skill level 4 in Dodging
  6165 | D:6      | Reached skill level 1 in Conjurations
  6786 | D:7      | Reached skill level 4 in Summonings
  7074 | D:7      | Reached skill level 4 in Fighting
  7074 | D:7      | Reached skill level 2 in Conjurations
  7363 | D:10     | Entered Level 10 of the Dungeon
  7363 | D:10     | Noticed a two-headed ogre
  7446 | D:9      | Reached skill level 5 in Spellcasting
  7446 | D:9      | Reached skill level 10 in Ice Magic
  7446 | D:9      | Reached XP level 9. HP: 30/66 MP: 1/16
  7693 | D:9      | Reached skill level 5 in Dodging
  7693 | D:9      | Reached skill level 3 in Conjurations
  7763 | D:9      | Reached skill level 5 in Fighting
  7949 | D:9      | Found a staircase to the Lair.
  8209 | D:9      | Reached skill level 4 in Conjurations
  8216 | D:9      | Offered knowledge of Searing Ray by Vehumet.
  8245 | D:9      | Reached ** piety under Vehumet
  8501 | D:9      | Reached skill level 6 in Fighting
  8501 | D:9      | Reached skill level 6 in Dodging
  8502 | D:9      | Reached skill level 6 in Spellcasting
  8676 | D:8      | Reached XP level 10. HP: 68/77 MP: 14/19
  8742 | D:8      | Reached skill level 11 in Ice Magic
  8953 | D:8      | Reached skill level 7 in Fighting
  8973 | D:8      | Offered knowledge of Static Discharge by Vehumet.
  8975 | D:8      | Reached skill level 7 in Dodging
  9304 | D:8      | Reached *** piety under Vehumet
  9783 | D:7      | Found a burning altar of Makhleb.
 10357 | D:10     | Killed a two-headed ogre
 10357 | D:10     | Reached skill level 8 in Fighting
 10357 | D:10     | Reached skill level 1 in Evocations
 10456 | D:10     | Reached skill level 2 in Evocations
 10799 | D:10     | Reached skill level 8 in Dodging
 10800 | D:10     | Offered knowledge of Mephitic Cloud by Vehumet.
 11082 | D:10     | Reached skill level 12 in Ice Magic
 11187 | D:10     | Found a staircase to the Orcish Mines.
 11270 | D:10     | Reached skill level 3 in Evocations
 11394 | D:10     | Reached XP level 11. HP: 87/87 MP: 14/20
 11531 | D:11     | Killed an unseen horror
 11531 | D:11     | Reached skill level 9 in Fighting
 11531 | D:11     | Reached skill level 4 in Evocations
 11983 | D:11     | Noticed Josephine
 12057 | D:13     | Reached skill level 9 in Dodging
 12058 | D:13     | Noticed a manticore
 12063 | D:13     | Noticed a tengu warrior
 12064 | D:13     | HP: 3/89 [manticore (9)]
 12067 | D:13     | Slain by a manticore

Vanquished Creatures
  A two-headed ogre (D:10)
  An unseen horror (D:11)
  2 tengu conjurers (D:13)
  A troll (D:13)
  A hornet (D:10)
  2 hippogriffs
  Sigmund (D:3)
  A vampire (D:10)
  2 wraiths
  A wyvern (D:10)
  5 orc warriors
  A phantom (D:6)
  2 ice beasts (D:9)
  3 sky beasts
  8 ogres
  4 centaurs
  A crocodile (D:7)
  3 big kobolds
  6 bullfrogs
  2 scorpions
  12 wights
  6 killer bees (D:9)
  A howler monkey (D:5)
  A centaur zombie (D:5)
  A jelly (D:10)
  4 hounds
  9 orc priests
  A centaur skeleton (D:8)
  A bullfrog skeleton (D:8)
  5 worker ants
  3 iguanas
  7 orc wizards
  A killer bee zombie (D:8)
  A hound zombie (D:9)
  A hound skeleton (D:6)
  A worker ant zombie (D:5)
  Robin (D:3)
  A howler monkey skeleton (D:5)
  8 adders
  4 shadow imps
  2 white imps
  3 oozes
  2 adder skeletons
  3 worms
  2 dart slugs
  4 leopard geckos
  30 orcs
  6 giant cockroaches
  20 goblins
  12 hobgoblins
  22 jackals
  3 quokkas
  7 bats
  4 frilled lizards
  2 jackal zombies
  26 kobolds
  A leopard gecko zombie (D:5)
  A quokka zombie (D:5)
  14 rats
281 creatures vanquished.

Vanquished Creatures (collateral kills)
  A wraith (D:11)
1 creature vanquished.

Grand Total: 282 creatures vanquished
